AoeStats
← Lænsmannj

Arena

510201013Analyzed
3v3 RM · 13h ago on Sep 29, 2026· 36m 16s· 6 players
Game mode
Random Map
Map size
Normal (6 player)
Population
200
Speed
Normal
Resources
Standard
Victory
Conquest
Starting age
Dark Age
Ending age
Imperial Age
RankedLock teamsTeams togetherTeam positionsShared explorationLock speedFull tech treeHidden civsTurbo modeCheats
Victory
Defeat
🇯🇴 Turks · Jordan
938
+13
🇺🇸 Byzantines · United States
872
+16
🇳🇴 Vikings · Norway
845
+18
🇹🇷 Persians · Türkiye
908
-17
🇹🇷 Huns · Türkiye
883
-16
🇹🇷 Britons · Türkiye
840
-14
bıyık
11:28 Feudal Age
9:43 Loom
16:21 Castle Age
17:44 Fletching
23:09 Bodkin Arrow
25:40 Horse Collar
27:44 Heavy Plow
35:40 Imperial Age
34:08 Padded Archer Armor
33:54 Elite Skirmisher
surfer
7:55 Loom
11:42 Feudal Age
13:27 Horse Collar
16:47 Castle Age
14:52 Stone Mining
19:43 Wheelbarrow
21:00 Fletching
28:53 Gold Mining
29:55 Ballistics
29:52 Heavy Plow
29:43 Double-Bit Axe
33:40 Imperial Age
35:44 Chemistry
FETALDNATESTİ
13:06 Feudal Age
14:30 Double-Bit Axe
19:22 Castle Age
17:32 Horse Collar
18:32 Fletching
21:41 Heavy Plow
21:54 Bow Saw
22:04 Gold Mining
22:11 Stone Mining
23:11 Man-at-Arms
23:55 Long Swordsman
30:40 Bodkin Arrow
30:46 Scale Mail Armor
30:52 Padded Archer Armor
31:03 Forging
32:09 Wheelbarrow
30:59 Elite Skirmisher
32:30 Gold Shaft Mining
Lænsmannj
9:56 Loom
12:32 Feudal Age
13:58 Double-Bit Axe
15:54 Gold Mining
15:53 Horse Collar
20:23 Castle Age
18:38 Stone Mining
20:34 Scale Mail Armor
20:45 Forging
19:58 Man-at-Arms
23:30 Bow Saw
23:33 Fletching
23:20 Long Swordsman
27:48 Pikeman
29:29 Loom
29:53 Heavy Plow
31:14 Squires
36:40 Gold Shaft Mining
37:11 Iron Casting
Black.ice27
10:47 Feudal Age
11:51 Loom
16:15 Castle Age
15:03 Horse Collar
15:09 Double-Bit Axe
19:36 Heavy Plow
20:19 Bow Saw
23:39 Wheelbarrow
28:30 Imperial Age
26:19 Gold Mining
27:34 Hand Cart
28:29 Ballistics
29:04 Gold Shaft Mining
30:04 Town Watch
32:28 Town Patrol
32:57 Stone Mining
35:09 Scale Barding Armor
35:14 Forging
35:05 Padded Archer Armor
35:06 Scale Mail Armor
34:56 Fletching
35:32 Bombard Tower
Phil Mccrack
11:22 Feudal Age
16:24 Castle Age
14:51 Double-Bit Axe
14:48 Horse Collar
19:29 Wheelbarrow
19:17 Loom
21:24 Hand Cart
23:16 Fletching
24:46 Padded Archer Armor
25:59 Heavy Plow
27:07 Bow Saw
27:04 Gold Mining
27:04 Stone Mining
28:09 Bodkin Arrow
28:29 Leather Archer Armor
30:54 Imperial Age
31:22 Gold Shaft Mining
30:37 Stone Mining
31:13 Ballistics
32:57 Chemistry
31:53 Onager
32:44 Husbandry
32:06 Cavalier
33:20 Conscription
34:14 Two-Man Saw
33:49 Crop Rotation
35:14 Stone Shaft Mining
36:16 Scale Barding Armor
36:21 Forging
Connection lost

Rejoining the realm…

Still unreachable

The connection could not be restored.

Session expired

The server has moved on; the page needs a fresh start.